 Dungeon Crawl Stone Soup version 0.31.0-1-g2c135a0 (webtiles) character file.

Game seed: 6374129269968685104

221 jagoly the Trooper (level 5, -2/34 HPs)
             Began as a Gargoyle Monk on Feb 1, 2024.
             Slain by an iguana (4 damage)
             ... on level 5 of the Dungeon.
             The game lasted 00:05:07 (899 turns).

jagoly the Trooper (Gargoyle Monk)                   Turns: 899, Time: 00:05:08

Health: -2/34      AC:  6    Str: 17    XL:     5   Next: 98%
Magic:  0/5        EV: 12    Int: 10    God:
Gold:   69         SH:  0    Dex: 12    Spells: 4/4 levels left

rFire   . . .        p - +3 mace of Qatox {holy, rCorr}
rCold   . . .        d - orb {light}
rNeg    + . .        b - +0 robe
rPois   ∞            (no helmet)
rElec   +            (no cloak)
rCorr   +            (no gloves)
SInv    .            (no boots)
Will    +....        q - amulet of guardian spirit
Stlth   +            j - ring of willpower
HPRegen 0.25/turn    (no ring)
MPRegen 0.09/turn

%: guardian spirit
@: glowing
A: sickness immunity, AC +4, negative energy resistance 1, electricity
resistance, torment resistance 1, petrification resistance
a: no special abilities


You were on level 5 of the Dungeon.
You visited 1 branch of the dungeon, and saw 6 of its levels.

You collected 69 gold pieces.

Inventory:

Hand Weapons
 a - a +0 hand axe
 p - the +3 mace of Qatox (weapon) {holy, rCorr}
   (You found it on level 4 of the Dungeon)

   rCorr:     It protects you from acid and corrosion.
Missiles
 e - 7 stones (quivered)
 i - 2 poisoned darts
 o - 4 boomerangs
Armour
 b - a +0 robe (worn)
 d - an orb of light (worn)
Jewellery
 j - a ring of willpower (left hand)
 q - an amulet of guardian spirit (around neck)
Scrolls
 f - 2 scrolls of identify {unknown}
 h - a scroll of poison {unknown}
 l - a scroll of revelation {unknown}
 n - a scroll of fog {unknown}
Potions
 c - a potion of ambrosia
 g - 3 potions of haste {unknown}
 k - a potion of invisibility {unknown}
 m - a potion of lignification {unknown}
 s - a potion of degeneration {unknown}


   Skills:
 + Level 4.4 Fighting
 * Level 4.3 Axes
 + Level 2.5 Armour
 - Level 3.0 Dodging


You had 4 spell levels left.
You didn't know any spells.
Your spell library contained the following spells:

 Spells                   Type           Power      Damage    Failure   Level
 Ignite Poison            Fire/Alch      0%         N/A       98%         4
 Freezing Cloud           Conj/Ice/Air   0%         6-21      100%        5
 Cigotuvi's Dreadful Rot  Necr/Alch/Air  Unusable   N/A       N/A         2

Dungeon Overview and Level Annotations

Branches:
Dungeon (6/15) Zot: 26784
 Temple: D:4-7

Altars:
Cheibriados

Shops:
D:6 (


Innate Abilities, Weirdness & Mutations

You are immune to sickness and miasma.
Your stone body is resilient. (AC +4)
You are immune to poison.
You resist negative energy. (rN+)
You are resistant to electric shocks. (rElec)
You are resistant to unholy torment.
You are immune to petrification.


Message History

An endoplasm comes into view.
Found a grey potion.
Found 2 poisoned darts.
The endoplasm closely misses you.
You hit the endoplasm.
The endoplasm is heavily wounded.
The endoplasm hits you but does no damage.
You hit the endoplasm.
The endoplasm is severely wounded.
The endoplasm hits you.
You hit the endoplasm.
The endoplasm is almost dead.
The endoplasm freezes you.
You are frozen.
You hit the endoplasm.
You kill the endoplasm!
You have reached level 2!
g - 2 grey potions (gained 1)
A ball python comes into view.
The ball python hisses angrily.
A frilled lizard comes into view.
The frilled lizard misses you.
You closely miss the frilled lizard. The frilled lizard barely misses you.
You hit the frilled lizard.
The frilled lizard is heavily wounded.
The frilled lizard closely misses you.
You hit the frilled lizard.
You kill the frilled lizard!
The ball python misses you. The ball python grabs you.
The ball python constricts you.
You hit the ball python.
You kill the ball python!
No target in view!
No target in view!
You see here 2 poisoned darts.
i - 2 poisoned darts
Found a short sword.
Found an escape hatch in the floor.
There is an escape hatch in the floor here.
You slide downwards.
The hatch slams shut behind you.
The adder hisses angrily.
Found a Trismegistus Codex.
You see here a Trismegistus Codex.
You pick up a Trismegistus Codex and begin reading...
You add the spells Ignite Poison and Freezing Cloud to your library.
The adder bites you but does no damage.
You hit the adder.
The adder is heavily wounded.
The adder bites you. x2
You hit the adder but do no damage.
The adder is heavily wounded.
The adder bites you but does no damage. The adder bites you.
You completely miss the adder.
The adder is heavily wounded.
The adder closely misses you.
You hit the adder.
You kill the adder!
Your Axes skill increases to level 3!
No target in view!
No target in view!
Okay, then.
Found 2 gold pieces.
Found 8 gold pieces.
HP restored.
Found a coral ring.
You now have 27 gold pieces (gained 8).
j - a ring of willpower
j - a ring of willpower (left hand)
You now have 29 gold pieces (gained 2).
Found an inky potion.
A dart slug comes into view.
A dart slug is nearby!
You hit the dart slug.
The dart slug is moderately wounded.
The dart slug closely misses you.
You hit the dart slug but do no damage.
The dart slug is moderately wounded.
The dart slug launches a dart at you.
The slug dart hits you but does no damage.
You hit the dart slug.
The dart slug is severely wounded.
The dart slug barely misses you.
You completely miss the dart slug.
The dart slug is severely wounded.
You hit the dart slug.
You kill the dart slug!
Your Armour skill increases to level 1!
No target in view!
Found a stone staircase leading up.
k - an inky potion An endoplasm comes into view.
The endoplasm quivers.
You hit the endoplasm but do no damage. The endoplasm closely misses you. x2
You hit the endoplasm.
You kill the endoplasm!
No target in view!
No target in view!
There is a stone staircase leading up here.
You climb upwards.
There is a stone staircase leading down here.
You climb downwards.
There is a stone staircase leading up here.
Found a scroll labelled NOGUEXIEMI.
l - a scroll labelled NOGUEXIEMI
Found an escape hatch in the ceiling.
There is an escape hatch in the ceiling here.
A bat comes into view.
A bat is nearby!
Found a scroll labelled KEOCAD GAUWIE.
The bat barely misses you. The bat hits you but does no damage.
The bat misses you.
You barely miss the bat. The bat closely misses you.
The bat hits you but does no damage.
You hit the bat.
You kill the bat!
Found a brown potion.
f - 2 scrolls labelled KEOCAD GAUWIE (gained 1)
A hobgoblin comes into view.
The hobgoblin shouts!
You see here a brown potion.
m - a brown potion The hobgoblin barely misses you.
You hit the hobgoblin but do no damage.
The hobgoblin hits you but does no damage.
You hit the hobgoblin but do no damage. The hobgoblin hits you.
You hit the hobgoblin.
You kill the hobgoblin!
You have reached level 3!
Your experience leads to an increase in your attributes!
Increase (S)trength, (I)ntelligence, or (D)exterity?
You feel stronger. x2
HP restored.
Found a stone staircase leading down.
There is a stone staircase leading down here.
You climb downwards.
There is a stone staircase leading up here.
As you open the door, it creaks loudly!
There is an open door here.
You open the door.
An adder comes into view.
The adder hisses angrily.
There is an open door here.
You hit the adder.
The adder is heavily wounded.
The adder bites you.
You hit the adder but do no damage.
The adder is heavily wounded.
The adder bites you but does no damage. The adder closely misses you.
You closely miss the adder.
The adder is heavily wounded.
The adder bites you but does no damage.
You hit the adder.
The adder is almost dead.
The adder barely misses you. The adder closely misses you.
You hit the adder.
You kill the adder!
You open the door.
Found a snail-covered altar of Cheibriados.
There is an open door here.
There is an open door here.
As you open the door, it creaks loudly!
There is an open door here.
You open the door.
There is an open door here.
As you open the door, it creaks loudly!
You hear a shout!
Found a mace.
There is an open door here.
A kobold comes into view. It is wielding a +0 short sword.
Found 18 gold pieces.
The kobold shouts!
You hit the kobold but do no damage. The kobold barely misses you.
You hit the kobold but do no damage. The kobold misses you.
The kobold hits you with a +0 short sword.
You completely miss the kobold. The kobold hits you but does no damage.
You hit the kobold.
The kobold is severely wounded.
The kobold closely misses you.
You hit the kobold but do no damage.
The kobold is severely wounded.
The kobold hits you but does no damage.
You closely miss the kobold.
The kobold is severely wounded.
The kobold hits you but does no damage.
You closely miss the kobold.
The kobold is severely wounded.
The kobold hits you but does no damage.
You closely miss the kobold.
The kobold is severely wounded.
The kobold hits you with a +0 short sword.
The kobold closely misses you.
You hit the kobold.
You kill the kobold!
Things that are here:
a +0 short sword; a kobold corpse You now have 35 gold pieces (gained 6).
You now have 47 gold pieces (gained 12).
You open the door.
Found a scroll labelled MEM XEDDEJUKU.
There is an open door here.
n - a scroll labelled MEM XEDDEJUKU
Found a stone staircase leading down.
Found a whip.
There is a stone staircase leading down here.
You climb downwards.
There is a stone staircase leading up here.
A kobold is nearby!
You barely miss the kobold. The kobold misses you.
You hit the kobold.
The kobold is severely wounded.
The kobold misses you.
You barely miss the kobold.
The kobold is severely wounded.
The kobold hits you but does no damage.
You hit the kobold.
You kill the kobold!
Things that are here:
a +0 short sword; a kobold corpse
There is a stone staircase leading up here.
A dart slug comes into view.
Found 8 gold pieces.
Found 4 boomerangs.
The dart slug bites you.
You slash the dart slug!
The dart slug is almost dead.
You slash the dart slug!
You kill the dart slug!
No target in view!
You see here a dart slug corpse.
You see here 4 boomerangs.
o - 4 boomerangs
Found a transparent mace.
You now have 55 gold pieces (gained 8).
You see here the +3 mace of Qatox {holy, rCorr}.
p - the +3 mace of Qatox {holy, rCorr}
Found a beast talisman.
Found a stone staircase leading down.
Found a stone staircase leading up.
Found a scroll labelled NAULAWN ETEIMM.
There is a stone staircase leading down here.
You climb downwards.
Found a runed lead wand and a dented filigree amulet.
There is a stone staircase leading up here.
You hit the sleepcap but do no damage. The sleepcap barely misses you.
You hit the sleepcap.
The sleepcap is lightly damaged.
The sleepcap releases spores at you.
You hit the sleepcap.
The sleepcap is moderately damaged.
The sleepcap releases spores at you but does no damage.
You hit the sleepcap but do no damage.
The sleepcap is moderately damaged.
The sleepcap releases spores at you but does no damage.
You hit the sleepcap.
The sleepcap is heavily damaged.
The sleepcap releases spores at you.
You hit the sleepcap but do no damage.
The sleepcap is heavily damaged.
The sleepcap releases spores at you but does no damage.
You hit the sleepcap.
The sleepcap is heavily damaged.
The sleepcap closely misses you.
You hit the sleepcap.
The sleepcap is severely damaged.
The sleepcap releases spores at you but does no damage.
The sleepcap releases spores at you.
You hit the sleepcap.
The sleepcap is severely damaged.
The sleepcap releases spores at you but does no damage.
You hit the sleepcap but do no damage.
The sleepcap is severely damaged.
The sleepcap releases spores at you but does no damage.
You hit the sleepcap.
The sleepcap is almost destroyed.
The sleepcap closely misses you.
You hit the sleepcap but do no damage.
The sleepcap is almost destroyed.
The sleepcap barely misses you.
You hit the sleepcap.
The sleepcap is almost destroyed.
The sleepcap barely misses you.
You hit the sleepcap.
You destroy the sleepcap!
You have reached level 4!
You feel stronger.
Found a stone staircase leading down.
q - an amulet of guardian spirit
Found a silvery potion.
r - a wand of charming (3)
You start putting on your amulet.
You continue putting on your amulet of guardian spirit. x5
You finish putting on your amulet of guardian spirit.
You feel your power drawn to a protective spirit.
q - an amulet of guardian spirit (around neck)
s - a silvery potion
There is a stone staircase leading up here.
A scorpion comes into view.
Throw: 2 darts (poison)
Press: ? - help, Shift-Dir - straight line, f - scorpion
Aim: a scorpion (54% to hit)
You throw a poisoned dart.
The poisoned dart closely misses the scorpion.
Throw: dart (poison)
Press: ? - help, Shift-Dir - straight line, f/p - scorpion
Aim: a scorpion (54% to hit)
You throw a poisoned dart.
The poisoned dart barely misses the scorpion.
The +3 mace of Qatox {holy, rCorr} softly glows with a divine radiance!
p - the +3 mace of Qatox (weapon)
{holy, rCorr} Throw: 9 stones
Press: ? - help, Q - select action, (/) - cycle Shift-Dir - straight line, f/p - scorpion
Aim: a scorpion (haloed, 75% to hit)
You throw a stone. The stone barely misses the scorpion.
Throw: 8 stones
Press: ? - help, Q - select action, (/) - cycle Shift-Dir - straight line, f/p - scorpion
Aim: a scorpion (haloed, 75% to hit)
You throw a stone.
The stone hits the scorpion but does no damage.
The scorpion misses you.
You sock the scorpion!
The scorpion is heavily wounded.
The scorpion closely misses you.
You thump the scorpion!
The scorpion is almost dead.
The scorpion stings you.
The scorpion stings you but does no damage.
You hit the scorpion.
The scorpion is almost dead.
The scorpion barely misses you.
You hit the scorpion.
You kill the scorpion!
Training target 3.0 for Dodging reached!
Your Fighting skill increases to level 4!
Your Armour skill increases to level 2!
Your Dodging skill increases to level 3!
You have reached level 5!
You see here a scorpion corpse.
i - a poisoned dart
i - 2 poisoned darts (gained 1)
You see here a scorpion corpse.
Found 6 gold pieces.
You now have 61 gold pieces (gained 6).
Found a stone staircase leading down.
There is a stone staircase leading down here.
You climb downwards.
There is a stone staircase leading up here.
You climb upwards.
There is a stone staircase leading down here.
There is a stone staircase leading down here.
A scorpion comes into view.
You sock the scorpion!
The scorpion is heavily wounded.
The scorpion stings you.
You hit the scorpion.
The scorpion is severely wounded.
The scorpion stings you.
The scorpion stings you but does no damage.
You sock the scorpion!
You kill the scorpion!
Your Axes skill increases to level 4!
You see here a scorpion corpse.
There is a stone staircase leading up here.
Found a stone staircase leading down.
There is a stone staircase leading down here.
You climb downwards.
The adder hisses angrily.
Found a grey potion.
Found Nial Gol's Antique Weapon Emporium.
There is a stone staircase leading up here.
The adder bites you but does no damage.
You sock the adder!
The adder is almost dead.
The adder misses you. The adder barely misses you.
You closely miss the adder.
The adder is almost dead.
The adder barely misses you. The adder bites you but does no damage.
You barely miss the adder.
The adder is almost dead.
The adder closely misses you.
You hit the adder.
You kill the adder!
There is a stone staircase leading up here.
There is an entrance to Nial Gol's Antique Weapon Emporium here.
g - 3 grey potions (gained 1)
There is a stone staircase leading up here.
You climb upwards.
There is a stone staircase leading down here.
Found a stone staircase leading up.
Found an escape hatch in the ceiling.
An adder comes into view.
The adder hisses angrily.
You sock the adder!
The adder is almost dead.
The adder closely misses you. The adder bites you.
You hit the adder but do no damage.
The adder is almost dead.
The adder bites you. The adder bites you but does no damage.
You hit the adder.
You kill the adder!
No target in view!
No target in view!
There is a stone staircase leading up here.
You climb upwards.
There is a stone staircase leading down here.
You climb downwards.
There is a stone staircase leading up here.
Found an escape hatch in the floor.
Found 8 gold pieces.
You now have 69 gold pieces (gained 8).
There is an escape hatch in the floor here.
An adder comes into view.
The adder barely misses you.
You hit the adder.
The adder is lightly wounded.
The adder bites you. x2
You hit the adder.
The adder is moderately wounded.
The adder bites you. The adder closely misses you.
You hit the adder.
The adder is severely wounded.
The adder closely misses you.
You sock the adder!
You kill the adder!
An adder comes into view.
The adder hisses angrily.
You completely miss the adder. The adder bites you.
You hit the adder.
The adder is severely wounded.
The adder bites you. The adder bites you but does no damage.
You barely miss the adder.
The adder is severely wounded.
The adder bites you but does no damage.
You hit the adder.
The adder is almost dead.
The adder bites you but does no damage. The adder closely misses you.
The adder attacks as it pursues you! The adder barely misses you.
You closely miss the adder.
The adder is almost dead.
The adder barely misses you. The adder bites you.
You barely miss the adder.
The adder is almost dead.
The adder closely misses you. The adder barely misses you.
The adder attacks as it pursues you! The adder barely misses you.
You closely miss the adder.
The adder is almost dead.
The adder closely misses you. The adder misses you.
You hit the adder.
You kill the adder!
No target in view!
You open the door.
A gnoll sergeant comes into view.
It is wielding a +1 trident of protection and wearing a +0 buckler of cold resistance.
The gnoll sergeant shouts!
Found 21 gold pieces.
A bombardier beetle and an iguana come into view.
Found a ring mail.
The iguana hisses angrily.
There is an open door here.
You barely miss the iguana.
A hound comes into view.
The gnoll sergeant hits you from afar with a +1 trident of protection!
The iguana bites you but does no damage.
The hound barks!
You hit the iguana.
The iguana is moderately wounded.
The iguana bites you.
The gnoll sergeant hits you from afar with a +1 trident of protection.
You barely miss the iguana.
The iguana is moderately wounded.
The gnoll sergeant hits you but does no damage.
The iguana barely misses you.
You hit the iguana.
The iguana is severely wounded.
The iguana bites you!
* * * LOW HITPOINT WARNING * * *
The gnoll sergeant barely misses you. The iguana attacks as it pursues you!
The iguana bites you!
* * * LOW HITPOINT WARNING * * *
Hit: p) +3 mace of Qatox {holy, rCorr}
Press: ? - help, Dir - move target, f - iguana
Aim: an iguana (severely wounded, haloed, about 16% to evade the +3 mace of Qatox)
Okay, then.
Hit: p) +3 mace of Qatox {holy, rCorr}
Press: ? - help, Dir - move target, f - iguana
Aim: an iguana (severely wounded, haloed, about 16% to evade the +3 mace of Qatox)
Okay, then.
Aiming: Charm
Press: ? - help, Shift-Dir - straight line, f - iguana
Aim: an iguana (severely wounded, haloed, chance to affect: 57%)
The iguana resists with significant effort.
The gnoll sergeant barely misses you. The iguana misses you.
Aiming: Charm
Press: ? - help, Shift-Dir - straight line, f/p - iguana
Aim: an iguana (severely wounded, haloed, chance to affect: 57%)
The iguana resists with significant effort.
The iguana bites you.
* * * LOW HITPOINT WARNING * * *
The gnoll sergeant closely misses you.
Aiming: Charm
Press: ? - help, Shift-Dir - straight line, f/p - iguana
Aim: an iguana (severely wounded, haloed, chance to affect: 57%)
The iguana resists with significant effort.
The now-empty wand crumbles to dust.
The iguana bites you.
You die...

##..#.....#.... .$.
....#######
##.......#....##B##....#......
#..#######..........B..###....
##..# #.............#....##
#..## #.............#....##
##..# .. #..l..........#.....#
#.>## ....#######'# ####......
##..# ........†lgh# #.........
#..## ......#.@#### ##........
#.## ..... #..# ##........ ..#
.... #..#######>........ .##
... ##.#............... .# ..
#.............<... ## .
#........##....... #
##############..## ####


You could see a gnoll sergeant, a bombardier beetle, an iguana and a hound.

Vanquished Creatures
  2 scorpions (D:5)
  A sleepcap (D:5)
  6 adders
  3 dart slugs
  3 endoplasms
  2 hobgoblins
  A ball python (D:1)
  A bat (D:2)
  A frilled lizard (D:1)
  2 kobolds
  A rat (D:1)
23 creatures vanquished.

Notes
Turn   | Place    | Note
-------+----------+-------------------------------------------
     0 | D:1      | jagoly the Gargoyle Monk began the quest for the Orb.
     0 | D:1      | Reached XP level 1. HP: 14/14 MP: 1/1
   120 | D:1      | Reached XP level 2. HP: 16/19 MP: 2/2
   295 | D:2      | Reached skill level 1 in Armour
   385 | D:2      | Reached XP level 3. HP: 22/23 MP: 3/3
   407 | D:3      | Found a snail-covered altar of Cheibriados.
   535 | D:4      | Identified the +3 mace of Qatox {holy, rCorr}
   577 | D:5      | Entered Level 5 of the Dungeon
   593 | D:5      | Reached XP level 4. HP: 20/29 MP: 4/4
   639 | D:5      | Noticed a scorpion
   648 | D:5      | Killed a scorpion
   649 | D:5      | Reached XP level 5. HP: 33/33 MP: 5/5
   796 | D:6      | Found Nial Gol's Antique Weapon Emporium.
   899 | D:5      | Slain by an iguana

Illustrated notes

Levels and vault maps discovered:
D:1:      orjb1_lava_funnel, layout_loops_cross, st_stairs_7
D:2:      layout_loops_ring, basic_ecumenical_altar, supply_closet_lemuel,
          nicolae_underground_beach, uniq_natasha
D:3:      mumra_celtic_spiral_tile, layout_basic, mainiacjoe_overflow_24_doors
D:4:      layout_loops_ring, corexii_item_surrounded_by_moat
D:5:      layout_cave_pods, eat_drink_and_be_merry_uskayaw,
          gammafunk_ghost_split, chequers_arboretum, kennysheep_generic_room_2
D:6:      layout_loops_cross, serial_shops, shop, shop, kennysheep_mini,
          uniq_sigmund

Skill      XL: |  1  2  3  4  5 |
---------------+----------------+-----
Axes           | 3 4 |  4.3
Armour         | 1 2 |  2.5
Fighting       | 4 |  4.4
Dodging        | 3 |  3.0

Action                     |  1- 3 |  4- 6 || total
---------------------------+-------+-------++-------
  Melee: Hand axe          |    69 |       ||    69
         Mace              |       |    30 ||    30
  Throw: Dart              |       |     2 ||     2
         Stone             |       |     2 ||     2
  Evoke: Wand              |       |     3 ||     3
 Armour: Robe              |    37 |    28 ||    65
  Dodge: Dodged            |    30 |    24 ||    54
